 Dungeon Crawl Stone Soup version 0.31-a0-833-gc15d34cb79 (webtiles) character file.

Game seed: 11734720369814102265

609 Kurtz the Cleaver (level 7, -2/46 HPs)
             Began as an Octopode Fighter on Sept 25, 2023.
             Was a Follower of Kikubaaqudgha.
             Slain by an ogre
             ... wielding a +0 giant spiked club
              (33 damage)
             ... on level 6 of the Dungeon.
             The game lasted 00:04:40 (3509 turns).

Kurtz the Cleaver (Octopode Fighter)                Turns: 3509, Time: 00:04:40

Health: -2/46      AC:  3    Str: 15    XL:     7   Next: 43%
Magic:  7/7        EV: 13    Int: 10    God:    Kikubaaqudgha [*.....]
Gold:   212        SH:  5    Dex: 14    Spells: 1/6 levels left

rFire   . . .        a - +0 war axe
rCold   . . .        b - +0 buckler
rNeg    + . .        d - +2 hat
rPois   .            (no amulet)
rElec   .            n - ring of positive energy
rCorr   +            z - ring of resist corrosion
SInv    .            (no ring)
Will    .....        (no ring)
Stlth   ++           (no ring)
HPRegen 0.27/turn    (no ring)
MPRegen 0.10/turn    (no ring)
                     (no ring)

%: no passive effects
@: mighty
A: almost no armour, amphibious, 8 rings, camouflage 1, gelatinous body 1,
(nimble swimmer 1), tentacles
a: Renounce Religion, Unearth Wretches


You were on level 6 of the Dungeon.
You worshipped Kikubaaqudgha.
Kikubaaqudgha was aware of your devotion.
You visited 1 branch of the dungeon, and saw 6 of its levels.
You also visited: Sewer.

You collected 212 gold pieces.

Inventory:

Hand Weapons
 a - a +0 war axe (weapon)
Missiles
 p - a boomerang
 s - 15 poisoned darts (quivered)
 w - 2 curare-tipped darts
Armour
 b - a +0 buckler (worn)
 d - a +2 hat (worn)
Jewellery
 n - a ring of positive energy (left tentacle)
 z - a ring of resist corrosion (right tentacle)
Wands
 m - a wand of flame (10)
Scrolls
 e - 2 scrolls of teleportation {unknown}
 f - 3 scrolls of immolation {unknown}
 h - a scroll of enchant weapon {unknown}
 i - a scroll of blinking {unknown}
 l - 2 scrolls of amnesia {unknown}
 o - 2 scrolls of revelation {unknown}
 q - a scroll of vulnerability {unknown}
 v - a scroll of enchant armour {unknown}
 y - a scroll of noise {unknown}
Potions
 c - 3 potions of might
 g - 3 potions of enlightenment {unknown}
 j - a potion of curing {unknown}
 k - 3 potions of resistance {unknown}
 r - a potion of attraction {unknown}
 t - a potion of invisibility {unknown}
 u - a potion of magic {unknown}
 x - a potion of heal wounds {unknown}


   Skills:
 - Level 3.0 Fighting
 * Level 8.0 Axes
 - Level 3.0 Dodging
 - Level 3.0 Shields


You had one spell level left.
You knew the following spells:

 Your Spells              Type           Power      Damage    Failure   Level
a - Cigotuvi's Dreadful   Necr/Pois/Air  0%         N/A       58%         2
b - Tukima's Dance        Hex            0%         N/A       83%         3

Your spell library contained the following spells:

 Spells                   Type           Power      Damage    Failure   Level
 Necrotise                Necr           0%         1d4       45%         1
 Summon Small Mammal      Summ           0%         N/A       45%         1
 Sublimation of Blood     Necr           0%         N/A       58%         2
 Call Canine Familiar     Summ           0%         N/A       83%         3
 Gell's Gravitas          Tloc           0%         N/A       83%         3
 Summon Guardian Golem    Hex/Summ       0%         N/A       83%         3
 Teleport Other           Tloc           0%         N/A       83%         3
 Vampiric Draining        Necr           0%         2d6       83%         3
 Dimensional Bullseye     Hex/Tloc       0%         N/A       99%         4
 Iskenderun's Mystic Bla  Conj/Tloc      0%         2d3       99%         4
 Dispersal                Tloc           0%         N/A       100%        6


Dungeon Overview and Level Annotations

Branches:
Dungeon (6/15)              Sewer (visited)
 Temple: D:4-7

Altars:
Kikubaaqudgha

Annotations:
D:4 2 transporters, Age's ghost, amateur MiFi
D:5 Dowan; Duvessa


Innate Abilities, Weirdness & Mutations

You cannot wear most types of armour.
You are amphibious.
You can wear up to eight rings at the same time.
Your skin changes colour to match your surroundings (Stealth+).
Your rubbery body absorbs attacks. (AC +1, EV +1)
((You are camouflaged when in or above water. (Stealth+)))
You have tentacles for arms and can constrict up to eight enemies at once.


Message History

Dowan hits you with a +2 dagger of speed!
Dowan attacks as he pursues you!
Dowan hits you with a +2 dagger of speed.
Dowan casts a spell at you. The puff of frost hits you!
Dowan casts a spell at you. The puff of frost hits you!
There is a stone staircase leading down here.
You climb downwards.
There is a stone staircase leading up here.
You start resting.
HP restored.
You hit the sleepcap but do no damage. You grab the sleepcap.
You constrict the sleepcap. The sleepcap closely misses you.
You slash the sleepcap! You squeeze the sleepcap!
The sleepcap is almost destroyed.
You constrict the sleepcap, but do no damage.
The sleepcap closely misses you.
You hit the sleepcap.
The sleepcap is almost destroyed.
You constrict the sleepcap.
You destroy the sleepcap!
Kikubaaqudgha accepts your kill.
An ogre comes into view. It is wielding a +0 giant spiked club.
The ogre shouts!
You feel very mighty all of a sudden.
You hit the ogre.
The ogre is moderately wounded.
The ogre hits you with a +0 giant spiked club!
You slash the ogre!
The ogre is heavily wounded.
The ogre closely misses you.
You slash the ogre!
The ogre is almost dead.
You completely miss the ogre.
The ogre is almost dead.
The ogre hits you with a +0 giant spiked club!!
Ouch! That really hurt!
You die...
Kikubaaqudgha rasps: "You have failed me!
Welcome... death!"

# #########
#.#####.......#
#...O@....##.#
......#####.#..##.#
.#### #.#...#.#
#.#.#.#.#
#######.#.....#
.......<......#
....#####.#.### ..
#.#.# ....#


You could see an ogre.

Vanquished Creatures
  4 kobold brigands (Sewer)
  Blork the orc (D:4)
  2 iguanas (D:5)
  A sleepcap (D:6)
  10 adders
  An ufetubus (D:4)
  2 dart slugs
  2 orcs (D:3)
  9 ball pythons
  3 bats
  6 endoplasms
  4 giant cockroaches
  8 goblins
  11 hobgoblins
  2 jackals (D:1)
  16 kobolds
  4 quokkas
  3 frilled lizards
  9 rats
98 creatures vanquished.

Notes
Turn   | Place    | Note
-------+----------+-------------------------------------------
     0 | D:1      | Kurtz the Octopode Fighter began the quest for the Orb.
     0 | D:1      | Reached XP level 1. HP: 16/16 MP: 1/1
    43 | D:1      | Reached XP level 2. HP: 19/21 MP: 2/2
    57 | D:1      | Reached skill level 3 in Axes
   177 | D:1      | Reached XP level 3. HP: 26/26 MP: 3/3
   533 | D:2      | Reached skill level 4 in Axes
   684 | D:2      | Reached XP level 4. HP: 27/31 MP: 4/4
  1288 | D:3      | Found an ancient bone altar of Kikubaaqudgha.
  1347 | D:3      | Became a worshipper of Kikubaaqudgha
  1826 | D:4      | Reached skill level 5 in Axes
  1826 | D:4      | Reached XP level 5. HP: 35/36 MP: 5/5
  1826 | D:4      | Found a transporter.
  1828 | D:4      | Noticed Age's ghost (amateur MiFi)
  1905 | D:4      | Found a glowing drain.
  1916 | Sewer    | Entered a sewer
  1933 | Sewer    | Noticed a kobold brigand
  1942 | Sewer    | Killed a kobold brigand
  2019 | Sewer    | Reached skill level 6 in Axes
  2055 | Sewer    | Reached * piety under Kikubaaqudgha
  2055 | Sewer    | Received a gift from Kikubaaqudgha
  2074 | Sewer    | Noticed a kobold brigand
  2076 | Sewer    | Reached XP level 6. HP: 42/42 MP: 6/6
  2275 | Sewer    | Reached skill level 7 in Axes
  2275 | Sewer    | Reached XP level 7. HP: 46/46 MP: 7/7
  2350 | D:4      | Found a transporter.
  2787 | D:4      | Noticed Blork the orc
  2793 | D:4      | Killed Blork the orc
  2937 | D:5      | Entered Level 5 of the Dungeon
  3243 | D:5      | Reached skill level 8 in Axes
  3286 | D:5      | Learned a level 2 spell: Cigotuvi's Dreadful Rot
  3290 | D:5      | Learned a level 3 spell: Tukima's Dance
  3344 | D:5      | Noticed Dowan
  3345 | D:5      | Noticed Duvessa
  3509 | D:6      | Slain by an ogre

Illustrated notes

Levels and vault maps discovered:
D:1:      minmay_arrival_doors, layout_basic, skrybe_limestone_x,
          minmay_misc_feat_more_columns
D:2:      layout_loops_cross, minmay_hedge_maze
D:3:      layout_loops_cross, kiku_gazebo_garden_becter,
          chequers_serial_rivers_small_b
D:4:      layout_basic, portal_sewer_entry_d, gammafunk_ghost_mausoleum,
          guppyfry_early_lair_pool, uniq_blork_the_orc
D:5:      cheibrodos_quashed, layout_loops_corners,
          nicolae_overflow_crystal_walls, mainiacjoe_overflow_boulevard,
          uniq_duvessa
D:6:      layout_loops_cross, jmf_multi_god_temple,
          minmay_temple_entry_overgrown

Skill      XL: |  1  2  3  4  5  6  7 |
---------------+----------------------+-----
Axes           | 3 4 5 6 7 8 |  8.0
Fighting       | |  3.0
Dodging        | |  3.0
Shields        | |  3.0

Action                     |  1- 3 |  4- 6 |  7- 9 || total
---------------------------+-------+-------+-------++-------
  Melee: War axe           |    55 |    82 |    28 ||   165
         Constrict         |    11 |    21 |     6 ||    38
         Tentacles         |     7 |    16 |     6 ||    29
         Punch             |     1 |     1 |       ||     2
    Use: Potion            |       |       |     1 ||     1
   Stab: Sleeping          |     5 |     6 |     1 ||    12
 Armour: Skin              |    21 |    31 |    18 ||    70
  Dodge: Dodged            |    35 |    52 |    12 ||    99
  Block: Buckler           |    10 |    12 |     5 ||    27

Table legend: (Time is in decaauts)
 A = Elapsed time spent in this place.
 B = Non-inter-level travel time spent in this place.
 C = Inter-level travel time spent in this place.
 D = Time resting spent in this place.
 E = Time spent auto-exploring this place.
 F = Levels seen in this place.
 G = Mean time per level.
                   A        B        C        D        E       F      G
               +--------+--------+--------+--------+--------+-----+--------+
         Total |   3559 |   3431 |    128 |    371 |   2344 |   7 |  508.4 |
       Dungeon |   3133 |   3005 |    128 |    257 |   2120 |   6 |  522.2 |
         Sewer |    426 |    426 |      0 |    114 |    224 |   1 |  426.0 |
               +--------+--------+--------+--------+--------+-----+--------+

Top non-repeatable levels by time:
     D:2: 771 daAuts
     D:3: 707 daAuts
     D:4: 634 daAuts
     D:1: 447 daAuts
     D:5: 430 daAuts
   Sewer: 426 daAuts
     D:6: 143 daAuts
